 Dungeon Crawl Stone Soup version 0.17-a0-1337-ge651487 (webtiles) character file.

406 Kidiri the Magician (level 6, -2/32 HPs)
             Began as a Deep Elf Earth Elementalist on June 10, 2015.
             Was an Initiate of Dithmenos.
             Slain by Pikel
             ... wielding a +1 whip of freezing
              (6 damage)
             ... on level 7 of the Dungeon.
             The game lasted 00:28:28 (4473 turns).

Kidiri the Magician (Deep Elf Earth Elementalist)   Turns: 4473, Time: 00:28:28

Health: -2/32      AC:  4    Str:  5    XL:     6   Next: 56%
Magic:  1/15       EV: 19    Int: 24    God:    Dithmenos [......]
Gold:   174        SH:  0    Dex: 21    Spells: 5 memorised, 1 level left

rFire  . . .     SeeInvis .     l - +1 dagger (elec)
rCold  . . .     Clarity  .     m - +0 leather armour
rNeg   . . .     SustAt   .     (no shield)
rPois  .         Gourm    .     (no helmet)
rElec  .         Spirit   .     (no cloak)
rCorr  .         Warding  .     o - +0 pair of gloves
rMut   +         Stasis   .     (no boots)
MR     .....                    e - amulet of resist mutation
Stlth  ++++......               j - +2 ring of slaying
                                h - +3 ring of intelligence

@: agile, very slightly contaminated, not resistant to hostile enchantments,
stealthy
A: no striking features
a: Renounce Religion


You were on level 7 of the Dungeon.
You worshipped Dithmenos.
Dithmenos was noncommittal.
You were hungry.

You visited 1 branch of the dungeon, and saw 5 of its levels.

You collected 174 gold pieces.

Inventory:

Hand weapons
 l - a +1 dagger of electrocution (weapon)
Missiles
 a - 119 stones (quivered)
Armour
 m - a +0 leather armour (worn)
 o - a +0 pair of gloves (worn)
 r - a +1 ring mail of cold resistance
Magical staves
 f - an uncursed staff of summoning
Jewellery
 e - an amulet of resist mutation (around neck)
 h - a +3 ring of intelligence (left hand)
 j - a +2 ring of slaying (right hand)
 k - an uncursed ring of protection from cold
Scrolls
 q - a scroll of remove curse
 s - a scroll of teleportation
Books
 c - a book of Geomancy

   Spells                             Type                      Level
   a - Sandblast                      Earth                        1
   b - Stoneskin                      Transmutation/Earth          2
   c - Passwall                       Transmutation/Earth          3
   d - Stone Arrow                    Conjuration/Earth            3
   e - Petrify                        Transmutation/Earth          4
   f - Lee's Rapid Deconstruction     Earth                        5
Comestibles
 b - 2 chunks of flesh
 d - a bread ration
 p - 4 slices of pizza
 u - a meat ration


   Skills:
 + Level 1.7 Short Blades
 + Level 1.3 Armour
 + Level 3.7 Dodging
 * Level 4.5 Stealth
 * Level 4.9 Spellcasting
 + Level 1.5 Conjurations
 + Level 2.1 Transmutations
 + Level 4.3 Earth Magic
 + Level 0.0 Invocations


You had one spell level left.
You knew the following spells:

 Your Spells              Type           Power        Failure   Level  Hunger
a - Sandblast             Erth           ####..       2%          1    None
b - Stoneskin             Trmt/Erth      ###.....     6%          2    None
c - Passwall              Trmt/Erth      ###.......   12%         3    ##.....
d - Stone Arrow           Conj/Erth      ###...       14%         3    ##.....
e - Petrify               Trmt/Erth      ###.....     38%         4    ####...


Dungeon Overview and Level Annotations

Branches:
Dungeon (7/15)
 Temple: D:4-7

Altars:
Dithmenos
Nemelex Xobeh
Ru

Annotations:
D:2 Natasha
D:7 Pikel


Message History

* * * LOW HITPOINT WARNING * * *
Pikel freezes you.
* * * LOW HITPOINT WARNING * * *
You barely miss Pikel.
Pikel is almost dead.
Pikel says, "You'll fetch a fair price!"
Pikel hits you but does no damage.
Drink which item? (? for menu, Esc to quit)
Okay, then.
Drink which item? (? for menu, Esc to quit)
You feel agile all of a sudden.
You are feeling hungry.
Pikel closely misses you.
You hit Pikel but do no damage.
Pikel is almost dead.
Pikel closely misses you.
You hit Pikel.
Pikel is almost dead.
Pikel hits you with a whip of freezing.
You die...

♣♣#### ### ### #.#
#.# ##.## #.#
##...## #.# #.....#
######.# ######...##
#pgK@..#
......#.#####.######
#####...p.....#
###.####### #.# #g#
## #p# #.# #.# #.#
#.#


You could see Pikel, a slave and a goblin.

Vanquished Creatures
  A slave (D:7)
  A crimson imp (D:7)
  2 orc priests (D:3)
  2 hounds (D:7)
  Terence (D:1)
  An orc wizard (D:7)
  2 iguanas (D:4)
  5 adders
  4 worms
  10 orcs
  2 ball pythons
  13 bats
  5 giant cockroaches
  8 goblins
  9 hobgoblins
  2 quokkas
  A giant gecko (D:1)
  A giant gecko skeleton (D:7)
  2 giant newts
  4 jackals (D:3)
  14 kobolds
  12 rats
102 creatures vanquished.

Notes
Turn   | Place    | Note
--------------------------------------------------------------
     0 | D:1      | Kidiri the Deep Elf Earth Elementalist began the quest for the Orb.
     0 | D:1      | Reached XP level 1. HP: 10/10 MP: 6/6
   279 | D:1      | Reached XP level 2. HP: 15/15 MP: 6/8
   283 | D:1      | Learned a level 2 spell: Stoneskin
   833 | D:2      | Reached XP level 3. HP: 16/19 MP: 5/10
   838 | D:2      | Learned a level 3 spell: Passwall
   842 | D:2      | Learned a level 3 spell: Stone Arrow
   920 | D:2      | Noticed Terence
  1398 | D:2      | Found a sparkling altar of Nemelex Xobeh.
  1507 | D:2      | Noticed Natasha
  1861 | D:1      | Killed Terence
  1861 | D:1      | Reached skill level 4 in Earth Magic
  1861 | D:1      | Reached XP level 4. HP: 8/24 MP: 0/11
  2311 | D:2      | Found a shadowy altar of Dithmenos.
  2312 | D:2      | Found a sacrificial altar of Ru.
  3001 | D:3      | Reached XP level 5. HP: 25/28 MP: 5/13
  3582 | D:3      | Reached skill level 1 in Armour
  3790 | D:2      | Became a worshipper of Dithmenos the Shadowed
  3894 | D:4      | Reached skill level 1 in Short Blades
  3894 | D:4      | Reached skill level 1 in Conjurations
  4034 | D:4      | Reached XP level 6. HP: 32/32 MP: 15/15
  4043 | D:4      | Learned a level 4 spell: Petrify
  4047 | D:4      | You are sucked into a shaft for 3 floors!
  4427 | D:7      | Found a sacrificial altar of Ru.
  4431 | D:7      | Noticed Pikel
  4473 | D:7      | Slain by Pikel

Vault maps used:
D:1:      minmay_arrival_five_plusses
D:2:      nicolae_overflow_hidden_temple, uniq_terence, uniq_natasha
D:4:      first_bread
D:7:      minmay_temple_entry_nine_rooms, nicolae_ru_awakened_eye,
          uniq_crazy_yiuf_cottage, uniq_pikel

Action                   |  1- 3 |  4- 6 || total
-------------------------+-------+-------++-------
Melee: Hand axe          |    38 |    35 ||    73
       Dagger            |    28 |    81 ||   109
 Cast: Sandblast         |    73 |    58 ||   131
       Passwall          |     2 |       ||     2
       Stone Arrow       |       |     8 ||     8
       Petrify           |       |     2 ||     2
  Use: Scroll            |     7 |     2 ||     9
       Potion            |       |     5 ||     5
 Stab: Sleeping          |     2 |     5 ||     7
       Petrifying        |       |     1 ||     1
  Eat: Bread ration      |     1 |       ||     1
       Chunk             |       |     3 ||     3
       Meat ration       |       |     1 ||     1
